AoeStats
← 刀尖上跳舞

Arena

504425139Analyzed
3v3 RM · 26d ago on Sep 5, 2026· 41m 54s· 6 players
Game mode
Random Map
Map size
Normal (6 player)
Population
200
Speed
Normal
Resources
Standard
Victory
Conquest
Starting age
Dark Age
Ending age
Imperial Age
RankedLock teamsTeams togetherTeam positionsShared explorationLock speedFull tech treeHidden civsTurbo modeCheats
Victory
Defeat
🇨🇳 Huns · China
1062
+15
🇨🇳 Teutons · China
1002
+17
🇹🇷 Cumans · Türkiye
975
+18
🇹🇼 Magyars · Taiwan
1045
-50
🇹🇼 Turks · Taiwan
1027
-17
🇹🇼 Spanish · Taiwan
1017
-16
西装老头
9:36 Feudal Age
16:34 Castle Age
15:21 Double-Bit Axe
18:24 Town Watch
23:31 Horse Collar
26:39 Wheelbarrow
29:40 Imperial Age
29:07 Town Patrol
30:16 Squires
30:30 Bloodlines
30:53 Conscription
33:24 Forging
33:34 Cavalier
35:09 Crenellations
36:05 Iron Casting
35:59 Scale Barding Armor
39:44 Chemistry
39:31 Hand Cart
40:28 Blast Furnace
刀尖上跳舞
10:53 Feudal Age
12:16 Double-Bit Axe
16:32 Castle Age
18:44 Bow Saw
20:34 Horse Collar
24:37 Gold Mining
30:16 Imperial Age
27:59 Forging
27:54 Scale Barding Armor
27:51 Husbandry
28:31 Bloodlines
28:59 Wheelbarrow
29:40 Iron Casting
29:43 Gold Shaft Mining
30:26 Chain Barding Armor
30:13 Marauders
31:13 Elite Tarkan
32:34 Conscription
32:26 Heavy Plow
35:16 Blast Furnace
34:52 Plate Barding Armor
36:46 Hand Cart
37:34 Two-Man Saw
Grim
10:39 Feudal Age
11:59 Wheelbarrow
11:16 Double-Bit Axe
13:18 Man-at-Arms
15:21 Horse Collar
25:14 Scale Mail Armor
26:59 Gold Mining
29:14 Forging
36:17 Castle Age
37:35 Chain Mail Armor
37:57 Iron Casting
37:29 Squires
37:45 Arson
37:22 Pikeman
jack122800
11:55 Feudal Age
15:54 Castle Age
14:01 Double-Bit Axe
14:44 Loom
22:50 Bow Saw
22:41 Horse Collar
27:21 Bloodlines
28:08 Heavy Plow
31:09 Husbandry
31:21 Scale Barding Armor
39:25 Imperial Age
40:55 Pikeman
他肯
11:58 Feudal Age
12:31 Double-Bit Axe
12:28 Horse Collar
14:00 Gold Mining
17:43 Castle Age
17:14 Stone Mining
19:18 Bow Saw
21:07 Gold Shaft Mining
27:18 Imperial Age
29:22 Conscription
29:17 Bloodlines
29:14 Scale Barding Armor
29:11 Padded Archer Armor
29:14 Husbandry
30:12 Artillery
31:49 Chain Barding Armor
37:11 Two-Man Saw
37:58 Elite Janissary
emperor6702
11:14 Feudal Age
16:23 Castle Age
14:51 Double-Bit Axe
14:47 Horse Collar
17:27 Bow Saw
17:39 Heavy Plow
22:59 Bloodlines
24:27 Loom
24:49 Gold Mining
24:49 Stone Mining
26:31 Husbandry
27:23 Scale Barding Armor
29:16 Wheelbarrow
32:36 Imperial Age
30:21 Hand Cart
30:33 Chain Barding Armor
30:43 Devotion
30:57 Thumb Ring
30:46 Fletching
32:13 Bodkin Arrow
32:42 Herbal Medicine
32:57 Fervor
32:52 Cavalier
34:08 Plate Barding Armor
34:01 Bracer
33:43 Heavy Cavalry Archer
34:49 Parthian Tactics
35:03 Stone Mining
35:48 Gold Shaft Mining
35:53 Crop Rotation
36:55 Pikeman
37:52 Paladin
Connection lost

Rejoining the realm…

Still unreachable

The connection could not be restored.

Session expired

The server has moved on; the page needs a fresh start.